 Dungeon Crawl Stone Soup version 0.28-a0-245-g639a1a48b9 (webtiles) character file.

Game seed: 8058883104731884020

854 thedisplayname the Cutter (level 8, -11/54 HPs)
             Began as a Djinni Gladiator on Aug 24, 2021.
             Was an Initiate of Uskayaw.
             Mangled by an ice beast (21 damage)
             ... on level 5 of the Dungeon.
             The game lasted 00:18:11 (7388 turns).

thedisplayname the Cutter (Djinni Gladiator)        Turns: 7388, Time: 00:18:11

Health: -11/54     AC:  5    Str: 15    XL:     8   Next: 21%
Gold:   198        EV: 13    Int: 11    God:    Uskayaw [......] SH:  0 Dex: 20

rFire   + + .      SeeInvis .   l - +2 short sword (speed)
rCold   x . .      Faith    .   (no shield)
rNeg    . . .      Spirit   .   h - +0 troll leather armour {Purgy}
rPois   ∞          Reflect  .   c - +0 helmet
rElec   .          Harm     .   (no cloak)
rCorr   .          Rampage  .   (no gloves)
Will    .....                   (boots unavailable)
Stlth   +.........              (no amulet)
HPRegen 1.18/turn               g - +6 ring of dexterity
MPRegen 0.00/turn               (no ring)

@: flying
A: sickness immunity, fire resistance 2, cold vulnerability 1, float, innate
caster, hp casting, extra vitality 1
a: Renounce Religion


You were on level 5 of the Dungeon.
You worshipped Uskayaw.
Uskayaw was noncommittal.
You visited 2 branches of the dungeon, and saw 6 of its levels.
You also visited: Sewer.

You collected 198 gold pieces.

Inventory:

Hand Weapons
 a - a +0 vorpal rapier
 l - a +2 short sword of speed (weapon)
Missiles
 d - 4 throwing nets
Armour
 b - a +0 leather armour
 c - a +0 helmet (worn)
 h - a +0 troll leather armour (worn) {Purgy}
Jewellery
 g - a +6 ring of dexterity (left hand)
Wands
 k - a wand of charming (1)
Scrolls
 f - a scroll of magic mapping {unknown}
 i - a scroll of teleportation
 j - 2 scrolls of identify
Potions
 e - a potion of cancellation
 m - a potion of curing
 n - a potion of brilliance {unknown}


   Skills:
 - Level 2.0 Fighting
 + Level 6.2 Short Blades
 - Level 1.5 Throwing
 - Level 4.2 Armour
 - Level 3.6 Dodging
 + Level 2.7 Spellcasting
 + Level 0.3 Invocations


You had 6 spell levels left.
You knew the following spells:

 Your Spells              Type           Power      Damage    Failure   Level
a - Pain                  Necr           28%        1d5       11%         1
b - Slow                  Hex            7%         N/A       17%         2
c - Ignite Poison         Fire/Tmut/Pois 7%         N/A       32%         3
Your spell library was empty.

Dungeon Overview and Level Annotations

Branches:
Dungeon (5/15)             Temple (1/1) D:4           Sewer (visited)

Altars:
Ashenzari
Cheibriados
Dithmenos
Elyvilon
Fedhas
Hepliaklqana
Kikubaaqudgha
Makhleb
Nemelex Xobeh
Okawaru
Qazlal
Ru
Sif Muna
Trog
Uskayaw
Vehumet
Wu Jian
Xom
Yredelemnul
Zin
The Shining One


Innate Abilities, Weirdness & Mutations

You are immune to sickness and miasma.
You are immune to poison.
Your flesh is very heat resistant. (rF++)
You are vulnerable to cold. (rC-)
You float through the air rather than walking.
You learn spells naturally, not from books.
Your magical power is your life essence.
You have superior vitality. (+4 HP)


Message History

You can now pass through a line of other dancers.
You hit the iguana.
The iguana is almost dead.
The iguana barely misses you.
You hit the iguana.
You kill the iguana!
An ice beast comes into view.
You see here an iguana corpse.
An ice beast is nearby!
An ice beast is nearby!
An ice beast is nearby!
An ice beast is nearby!
The ice beast barely misses you.
You hit the ice beast but do no damage. The ice beast barely misses you.
You completely miss the ice beast. You barely miss the ice beast.
The ice beast closely misses you.
You can no longer pass through a line of other dancers.
You closely miss the ice beast. You hit the ice beast but do no damage.
The ice beast hits you. The ice beast freezes you!!
You feel a terrible chill!
* * * LOW HITPOINT WARNING * * *
You hit the ice beast.
The ice beast is lightly wounded.
You feel better. The ice beast barely misses you.
You closely miss the ice beast.
The ice beast is lightly wounded.
The ice beast barely misses you.
You stomp with the beat, sending a shockwave through the revellers around you!
The ice beast is moderately wounded.
You can no longer stomp with the beat.
The ice beast hits you. The ice beast freezes you!
You feel a terrible chill!
* * * LOW HITPOINT WARNING * * *
You hit the ice beast but do no damage.
The ice beast is moderately wounded.
You closely miss the ice beast.
The ice beast is moderately wounded.
The ice beast hits you.
* * * LOW HITPOINT WARNING * * *
The ice beast freezes you!!
You feel a terrible chill!
You die...

#......#
#......+
#......#
#......#
#......###
#...†....#
#.....)..#
#........#
#..@.....#
#..Y.....#
#........#
#........#
#........#
#........#
##########


You could see an ice beast.

Vanquished Creatures
  Edmund (D:4)
  Purgy (Sewer)
  An orc warrior (D:4)
  A necrophage (D:4)
  A scorpion (D:4)
  2 hounds (D:4)
  An orc priest (D:4)
  2 iguanas
  Robin (D:3)
  6 gnolls
  4 adders
  3 ufetubi (D:4)
  3 adder skeletons (D:4)
  2 worms
  5 dart slugs
  10 orcs
  15 ball pythons
  7 bats
  11 endoplasms
  4 giant cockroaches
  11 goblins
  18 hobgoblins
  4 jackals (D:2)
  8 kobolds
  5 quokkas
  8 frilled lizards
  5 rats
140 creatures vanquished.

Vanquished Creatures (collateral kills)
  An orc wizard (D:4)
  A gnoll (D:3)
  An endoplasm (D:3)
  A kobold (D:4)
  A rat (D:3)
5 creatures vanquished.

Vanquished Creatures (others)
  3 plants (D:5)
3 creatures vanquished.

Grand Total: 148 creatures vanquished

Notes
Turn   | Place    | Note
-------+----------+-------------------------------------------
     0 | D:1      | thedisplayname the Djinni Gladiator began the quest for the
                  | Orb.
     0 | D:1      | Reached XP level 1. HP: 18/18 MP: 0/0
   133 | D:1      | Reached XP level 2. HP: 19/23 MP: 0/0
   214 | D:1      | Reached skill level 3 in Short Blades
   714 | D:1      | Reached XP level 3. HP: 26/28 MP: 0/0
   714 | D:1      | Learned a level 1 spell: Pain
   744 | D:1      | Reached skill level 1 in Armour
  2551 | D:2      | Reached XP level 4. HP: 32/33 MP: 0/0
  3220 | D:2      | Found a burning altar of Makhleb.
  3395 | D:2      | Reached XP level 5. HP: 38/38 MP: 0/0
  3395 | D:2      | Learned a level 2 spell: Slow
  3722 | D:3      | Found a glowing drain.
  3749 | Sewer    | Entered a sewer
  3776 | Sewer    | Noticed Purgy
  3788 | Sewer    | Killed Purgy
  3789 | Sewer    | Reached skill level 4 in Short Blades
  3789 | Sewer    | Reached XP level 6. HP: 20/43 MP: 0/0
  4466 | D:3      | Noticed Robin
  4489 | D:3      | Killed Robin
  5328 | D:4      | Reached skill level 5 in Short Blades
  5328 | D:4      | Reached XP level 7. HP: 34/49 MP: 0/0
  5328 | D:4      | Learned a level 3 spell: Ignite Poison
  5523 | D:4      | Reached skill level 1 in Spellcasting
  6089 | D:4      | Found a staircase to the Ecumenical Temple.
  6108 | Temple   | Entered the Ecumenical Temple
  6317 | Temple   | Became a worshipper of Uskayaw the Reveller
  6436 | D:4      | Reached * piety under Uskayaw
  6450 | D:4      | Reached ** piety under Uskayaw
  6457 | D:4      | Reached *** piety under Uskayaw
  6460 | D:4      | Reached XP level 8. HP: 54/54 MP: 0/0
  6477 | D:4      | Noticed Edmund
  6502 | D:4      | Killed Edmund
  6503 | D:4      | Reached skill level 6 in Short Blades
  7358 | D:5      | Entered Level 5 of the Dungeon
  7388 | D:5      | Mangled by an ice beast

Illustrated notes

Levels and vault maps discovered:
D:1:      pf_arrival_petrified_forest, layout_basic
D:2:      minmay_recursive_quarters, layout_basic, basic_altar
D:3:      layout_rooms, cheibrodos_sewer_entry_drain, uniq_robin
D:4:      layout_basic, temple_statues, guppyfry_early_orc_mine, uniq_edmund
D:5:      wad_lake_hut, layout_gridville, gammafunk_ghost_icy,
          uniq_prince_ribbit1, uniq_grinder
Temple:   compressed_dpeg_circular_temple

Skill      XL: |  1  2  3  4  5  6  7  8 |
---------------+-------------------------+-----
Short Blades   | 3 4 5 6 |  6.2
Armour         | 1 2 3 4 |  4.2
Spellcasting   | 2 |  2.7
Fighting       | |  2.0
Throwing       | |  1.5
Dodging        | |  3.6
Invocations    | |  0.3

Action                   |  1- 3 |  4- 6 |  7- 9 || total
-------------------------+-------+-------+-------++-------
Melee: Rapier            |   107 |   127 |       ||   234
       Short sword       |       |   129 |   160 ||   289
Throw: Throwing net      |       |     1 |     1 ||     2
 Cast: Pain              |       |     1 |       ||     1
Invok: Stomp             |       |       |     2 ||     2
Evoke: Wand              |       |     3 |     1 ||     4
  Use: Scroll            |     2 |     4 |       ||     6
       Potion            |     1 |     4 |     1 ||     6
 Stab: Sleeping          |     2 |     7 |     1 ||    10
       Held in net/web   |       |     1 |       ||     1
       Distracted        |       |     1 |       ||     1
       Paralysed         |       |       |     1 ||     1
Armor: Leather armour    |    35 |    29 |       ||    64
       Troll leather arm |       |    24 |    21 ||    45
Dodge: Dodged            |    62 |   189 |    68 ||   319

Table legend: (Time is in decaauts)
 A = Elapsed time spent in this place.
 B = Non-inter-level travel time spent in this place.
 C = Inter-level travel time spent in this place.
 D = Time resting spent in this place.
 E = Time spent auto-exploring this place.
 F = Levels seen in this place.
 G = Mean time per level.
                   A        B        C        D        E       F      G
               +--------+--------+--------+--------+--------+-----+--------+
         Total |   7273 |   7184 |     89 |   3540 |   2237 |   7 | 1039.0 |
       Dungeon |   6493 |   6404 |     89 |   3182 |   2231 |   5 | 1298.6 |
        Temple |    224 |    224 |      0 |      0 |      0 |   1 |  224.0 |
         Sewer |    555 |    555 |      0 |    358 |      6 |   1 |  555.0 |
               +--------+--------+--------+--------+--------+-----+--------+

Top non-repeatable levels by time:
     D:1: 2072 daAuts
     D:4: 1855 daAuts
     D:2: 1664 daAuts
     D:3: 878 daAuts
   Sewer: 555 daAuts
  Temple: 224 daAuts
     D:5: 22 daAuts
